Map: Ancient Cistern LE

Players

winzboy

  • Race: Protoss Protoss
  • League: Gold
  • Spawn Location: 1:00

坦克 - Winner!

  • Race: Zerg Zerg
  • Spawn Location: 7:00

VOD

Have the link to the VOD?

Description

Time

  • Played on: May 25, 2023, 9:22 p.m.
  • Length: 3:33
Show
View Real Time Build Order
Export as new Build Order

winzboy Protoss 

Build Orders: 1 Gate Expand 

Get SALT Encoding   

  12  0:01  Probe  
  13  0:13  Probe  
  14  0:24  Pylon  
  14  0:26  Probe  
  15  0:42  Probe  
  16  0:45  Gateway  
  16  0:54  Probe (Chrono Boost)  
  17  0:57  Assimilator  
  18  1:06  Probe (Chrono Boost)  
  18  1:10  Probe (Chrono Boost)  
  19  1:20  Probe  
  20  1:33  Probe  
  20  1:35  Cybernetics Core  
  21  1:44  Nexus  
  21  1:47  Probe  
  22  1:54  Assimilator  
  22  2:06  Probe  
  23  2:24  Pylon  
  23  2:32  Stalker  
  25  2:49  Pylon  
  25  2:56  Pylon  
  25  3:01  Gateway  
  25  3:02  Gateway  
  25  3:08  Probe  
  25  3:09  Robotics Facility  
  25  3:12  Probe  
  27  3:18  Pylon  
  25  3:21  Probe  
Show
View Real Time Build Order
Export as new Build Order

坦克 Zerg - Winner!

Build Orders: Hatch First 

Get SALT Encoding   

  12  0:01  Drone  
  13  0:13  Overlord  
  13  0:16  Drone  
  14  0:44  Drone  
  14  0:46  Drone  
  16  0:51  Hatchery  
  15  0:57  Drone x2  
  17  1:18  Drone  
  17  1:19  Drone  
  17  1:23  Spawning Pool  
  18  1:26  Extractor  
  18  1:28  Drone  
  18  1:49  Drone  
  19  1:59  Hatchery  
  19  2:00  Drone x2  
  20  2:12  Zergling x2  
  20  2:15  Queen  
  23  2:25  Zergling x2  
  23  2:26  Zergling x2  
  23  2:27  Drone  
  23  2:28  Drone  
  27  2:35  Zergling x2  
  28  2:44  Overlord  
  28  3:00  Overlord  
  28  3:03  Drone  
  28  3:04  Drone x2  
  31  3:10  Extractor  
  29  3:13  Zergling x6  
Tags
 
Add a new tag
Caveats
  • Supply blocks, unpowered buildings, or Contaminate may cause inaccurate times.
  • Supply counts are checked every 10 seconds.